Map: Acropolis LE

Players

Hjax

  • Race: Protoss Protoss
  • Spawn Location: 11:00

Creature - Winner!

  • Race: Protoss Protoss
  • Spawn Location: 5:00

VOD

Have the link to the VOD?

Description

Time

  • Played on: Sept. 6, 2019, 3:33 p.m.
  • Length: 12:38
Show
View Real Time Build Order
Export as new Build Order

Hjax Protoss 

Build Orders: Blink Stalkers 

Get SALT Encoding   

  12  0:00  Probe  
  13  0:13  Probe  
  14  0:17  Pylon  
  14  0:24  Probe  
  15  0:32  Probe  
  15  0:37  Gateway  
  15  0:40  Probe  
  16  0:47  Assimilator  
  17  0:51  Probe  
  17  0:55  Assimilator  
  18  1:02  Probe  
  19  1:09  Gateway  
  19  1:10  Probe  
  20  1:18  Probe  
  21  1:25  Cybernetics Core  
  21  1:29  Probe  
  22  1:37  Pylon  
  22  1:42  Probe  
  23  1:54  Warp Gate  
  23  1:55  Probe  
  24  2:02  Sentry, Stalker  
  24  2:07  Probe  
  29  2:15  Pylon  
  29  2:19  Probe  
  30  2:24  Pylon  
  30  2:31  Probe  
  30  2:33  Stalker  
  33  2:37  Stalker  
  35  2:56  Nexus  
  35  2:59  Probe  
  36  3:11  Probe  
  37  3:14  Twilight Council  
  37  3:23  Probe  
  38  3:31  Blink  
  38  3:39  Forge  
  38  3:40  Probe  
  39  3:46  Pylon  
  39  3:51  Protoss Ground Weapons Level 1  
  39  3:55  Gateway  
  39  4:04  Probe, Stalker  
  39  4:06  Stalker  
  44  4:15  Probe  
  45  4:21  Probe  
  46  4:28  Probe  
  47  4:31  Stalker  
  47  4:33  Probe  
  47  4:37  Stalker  
  52  4:40  Probe  
  53  4:47  Probe  
  53  4:50  Robotics Facility  
  53  4:52  Probe, Assimilator  
  55  4:54  Assimilator  
  55  4:56  Stalker  
  55  4:59  Probe  
  58  5:02  Stalker  
  60  5:10  Probe  
  61  5:14  Pylon  
  61  5:15  Pylon  
  61  5:20  Pylon  
  61  5:27  Probe  
  62  5:32  Probe  
  62  5:35  Stalker x2  
  65  5:40  Robotics Bay  
  67  5:46  Probe  
  67  5:47  Observer, Probe  
  67  5:49  Pylon  
  69  5:50  Pylon  
  69  5:51  Protoss Ground Weapons Level 2  
  69  5:53  Robotics Facility  
  70  5:59  Probe  
  71  6:12  Photon Cannon  
  71  6:14  Shield Battery  
  71  6:15  Shield Battery  
  71  6:22  Stalker  
  71  6:25  Stalker x2  
  73  6:46  Disruptor  
  73  6:47  Disruptor  
  69  6:52  Probe  
  74  6:54  Stalker  
  74  6:56  Probe  
  74  7:00  Probe  
  73  7:04  Probe  
  73  7:08  Probe  
  74  7:14  Probe, Nexus  
  74  7:19  Probe  
  74  7:22  Disruptor  
  74  7:26  Probe  
  74  7:28  Pylon  
  78  7:30  Disruptor  
  78  7:36  Probe  
  82  7:42  Stalker x2  
  86  7:46  Probe  
  86  7:50  Probe  
  88  7:57  Stalker  
  88  7:58  Probe, Disruptor  
  91  8:02  Disruptor  
  97  8:23  Stalker x2  
  101  8:27  Probe x2  
  103  8:42  Protoss Ground Weapons Level 3  
  103  8:44  Pylon  
  103  8:48  Stalker x2  
  95  9:06  Disruptor  
  95  9:07  Stalker  
  97  9:10  Dark Shrine  
  97  9:15  Probe  
  97  9:16  Assimilator  
  101  9:17  Disruptor  
  101  9:18  Assimilator  
  85  9:44  Disruptor  
  85  9:50  Stalker x3  
  85  9:52  Photon Cannon  
  94  9:53  Photon Cannon  
  94  9:54  Shield Battery  
  94  10:05  Gateway, Disruptor  
  97  10:07  Gateway x2  
  97  10:09  Gateway, Pylon  
  97  10:12  Photon Cannon  
  97  10:19  Stalker x3  
  69  10:57  Disruptor, Dark Templar x2  
  69  10:58  Disruptor  
  70  11:11  Dark Templar  
  78  11:28  Nexus  
  76  11:33  Disruptor  
  76  11:35  Disruptor  
  78  11:56  Stalker  
  78  11:57  Stalker  
  86  12:25  Stalker x2  
Show
View Real Time Build Order
Export as new Build Order

Creature Protoss - Winner!

Build Orders: Colossus Rush 

Get SALT Encoding   

  12  0:01  Probe  
  13  0:13  Probe  
  14  0:17  Pylon  
  14  0:24  Probe  
  15  0:32  Probe  
  15  0:38  Gateway  
  15  0:40  Probe  
  16  0:46  Assimilator  
  17  0:51  Probe  
  17  0:55  Assimilator  
  18  0:59  Probe  
  19  1:07  Probe  
  19  1:08  Gateway  
  19  1:17  Probe  
  20  1:25  Cybernetics Core  
  21  1:30  Probe  
  22  1:35  Pylon  
  22  1:42  Probe  
  23  1:54  Probe  
  24  2:01  Stalker  
  24  2:02  Warp Gate, Sentry  
  28  2:13  Pylon  
  28  2:24  Pylon  
  28  2:30  Stalker  
  28  2:31  Stalker  
  32  2:46  Nexus  
  32  2:53  Probe  
  33  3:01  Robotics Facility  
  33  3:05  Probe  
  34  3:07  Sentry  
  34  3:12  Pylon  
  36  3:17  Probe  
  37  3:29  Probe  
  39  3:41  Probe  
  39  3:44  Warp Prism  
  39  3:51  Robotics Bay  
  39  3:52  Probe  
  42  3:56  Probe  
  42  4:00  Probe  
  42  4:01  Shield Battery  
  43  4:04  Probe  
  43  4:08  Probe  
  45  4:13  Observer, Probe  
  47  4:19  Probe  
  49  4:26  Probe  
  50  4:31  Probe  
  50  4:32  Forge  
  50  4:36  Immortal  
  50  4:38  Probe  
  52  4:44  Probe  
  57  4:50  Probe  
  57  4:51  Assimilator  
  57  4:52  Assimilator  
  58  4:55  Pylon  
  58  4:56  Probe  
  58  4:57  Adept  
  61  5:02  Pylon  
  61  5:06  Pylon  
  61  5:13  Gateway, Protoss Ground Weapons Level 1  
  61  5:14  Gateway  
  61  5:18  Adept  
  61  5:20  Colossus, Probe  
  64  5:34  Probe, Sentry  
  73  5:39  Extended Thermal Lance  
  73  5:49  Gateway  
  73  5:51  Twilight Council  
  73  5:55  Gateway  
  73  5:57  Probe  
  73  5:59  Colossus  
  74  6:17  Adept  
  74  6:18  Adept x2  
  86  6:27  Pylon  
  86  6:37  Colossus  
  86  6:46  Charge  
  86  6:50  Zealot x2  
  94  6:59  Pylon  
  94  7:00  Pylon  
  86  7:19  Templar Archives  
  86  7:20  Nexus  
  87  7:22  Probe  
  87  7:25  Protoss Ground Weapons Level 2  
  87  7:26  Pylon, Probe  
  87  7:28  Zealot x3  
  94  7:39  Warp Prism  
  96  7:46  Templar Archives  
  96  7:48  Gateway  
  96  7:49  Gateway  
  96  7:55  Probe  
  97  8:00  High Templar x2  
  97  8:01  High Templar  
  103  8:07  Archon  
  103  8:09  High Templar  
  103  8:10  Zealot x2  
  103  8:11  Pylon  
  109  8:14  Archon  
  109  8:15  Pylon  
  99  8:24  Probe  
  94  8:27  Probe  
  95  8:40  Zealot x5  
  95  8:41  Zealot  
  105  8:52  Zealot x2  
  107  9:05  Zealot x2  
  107  9:06  Zealot x4  
  118  9:16  Probe  
  119  9:17  Zealot x2  
  121  9:28  Probe  
  121  9:30  High Templar x4  
  121  9:31  Disruptor, Zealot x2  
  132  9:35  Archon x2  
  132  9:37  Probe x2  
  139  9:41  Pylon x2  
  139  9:44  Zealot x2  
  143  9:55  Assimilator x2  
  143  10:04  Zealot x6  
  155  10:23  Warp Prism  
  137  10:33  Probe  
  140  10:40  Probe  
  133  10:43  Zealot x6  
  133  10:44  Zealot x2  
  139  10:53  Probe  
  138  11:04  Observer  
  141  11:08  Shield Battery  
  139  11:11  Photon Cannon  
  139  11:14  Photon Cannon x2  
  139  11:23  Observer  
  139  11:26  High Templar x6, Nexus  
  139  11:31  Archon x3  
  152  11:33  Immortal  
  150  11:41  Zealot x2  
  150  11:43  Probe  
  156  12:03  Photon Cannon  
  156  12:06  Zealot x5  
  161  12:18  Pylon  
  161  12:20  Pylon  
  164  12:30  Pylon  
Tags
 
Composition
Blink Stalkers
Matchup
PvP
Spawn Locations
Cross Positions
Add a new tag
Caveats
  • Supply blocks, unpowered buildings, or Contaminate may cause inaccurate times.
  • Supply counts are checked every 10 seconds.